 Dungeon Crawl Stone Soup version 0.31.0-11-ge490571c62 (webtiles) character file.

Game seed: 5241799698377111963

326 Sabo the Ducker (level 6, 0/53 HPs)
             Began as a Gnoll Monk on Jan 29, 2024.
             Slain by a gnoll
             ... wielding a +0 spear
              (1 damage)
             ... on level 5 of the Dungeon.
             The game lasted 00:15:36 (3291 turns).

Sabo the Ducker (Gnoll Monk)                        Turns: 3291, Time: 00:15:36

Health: 0/53       AC:  9    Str: 13    XL:     6   Next: 49%
Magic:  8/9        EV:  8    Int:  9    God:
Gold:   179        SH:  5    Dex: 14    Spells: 9/9 levels left

rFire   . . .        a - +0 hand axe
rCold   . . .        d - orb {light}
rNeg    . . .        h - +0 chain mail
rPois   .            f - +0 helmet
rElec   .            (no cloak)
rCorr   .            (no gloves)
SInv    .            (no boots)
Will    .....        p - amulet of reflection Stlth
                     (no ring)
HPRegen 0.28/turn    (no ring)
MPRegen 0.11/turn

%: reflection
@: glowing
A: fangs 1, strong nose, distributed training
a: no special abilities


You were on level 5 of the Dungeon.
You visited 1 branch of the dungeon, and saw 5 of its levels.

You collected 179 gold pieces.

Inventory:

Hand Weapons
 a - a +0 hand axe (weapon)
 e - a +0 shortbow
Missiles
 n - 3 poisoned darts (quivered)
Armour
 d - an orb of light (worn)
 f - a +0 helmet (worn)
 h - a +0 chain mail (worn)
Jewellery
 p - an amulet of reflection (around neck)
 w - an amulet of the acrobat
Wands
 k - a wand of polymorph (5)
Scrolls
 g - a scroll of poison
 i - 2 scrolls of teleportation
 t - a scroll of amnesia {unknown}
 u - a scroll of revelation {unknown}
Potions
 b - 3 potions of mutation {unknown}
 j - 2 potions of haste {unknown}
 l - a potion of berserk rage {unknown}
 m - 2 potions of heal wounds {unknown}
 o - 3 potions of resistance {unknown}
 q - a potion of brilliance {unknown}
 r - 2 potions of curing {unknown}
 s - 2 potions of lignification {unknown}
 v - 2 potions of attraction {unknown}


   Skills:
 + Level 6.9 Fighting
 + Level 2.1 Short Blades
 + Level 2.1 Long Blades
 + Level 6.9 Axes
 + Level 2.1 Maces & Flails
 + Level 2.1 Polearms
 + Level 2.1 Staves
 + Level 2.1 Ranged Weapons
 + Level 2.1 Throwing
 + Level 2.1 Armour
 + Level 6.9 Dodging
 + Level 2.1 Stealth
 + Level 2.1 Shields
 + Level 2.1 Unarmed Combat
 + Level 2.1 Spellcasting
 + Level 1.6 Conjurations
 + Level 1.6 Hexes
 + Level 1.6 Summonings
 + Level 1.6 Necromancy
 + Level 1.6 Translocations
 + Level 1.6 Fire Magic
 + Level 1.6 Ice Magic
 + Level 1.6 Air Magic
 + Level 1.6 Earth Magic
 + Level 1.6 Alchemy
 + Level 2.3 Invocations
 + Level 2.1 Evocations
 + Level 1.9 Shapeshifting


You had 9 spell levels left.
You didn't know any spells.
Your spell library contained the following spells:

 Spells                   Type           Power      Damage    Failure   Level
 Summon Ice Beast         Ice/Summ       3%         N/A       100%        3
 Summon Mana Viper        Hex/Summ       3%         N/A       100%        5
 Monstrous Menagerie      Summ           1%         N/A       100%        7


Dungeon Overview and Level Annotations

Branches:
Dungeon (5/15)
 Temple: D:4-7

Altars:
Cheibriados
Kikubaaqudgha

Shops:
D:3 =


Innate Abilities, Weirdness & Mutations

You have very sharp teeth.
Your uncanny sense of smell can sniff out nearby items.
Your experience applies equally to all skills.


Message History

The gnoll closely misses you.
You hit the gnoll sergeant but do no damage.
The gnoll sergeant is almost dead.
The gnoll sergeant closely misses you.
The gnoll hits you from afar with a +0 spear!
* * * LOW HITPOINT WARNING * * *
You bump into the rock wall.
You feel less invigorated.
You feel less confused.
The gnoll sergeant hits you with a +0 spear.
* * * LOW HITPOINT WARNING * * *
The gnoll hits you from afar with a +0 spear.
* * * LOW HITPOINT WARNING * * *
You hit the gnoll sergeant but do no damage.
The gnoll sergeant is almost dead.
The gnoll sergeant hits you with a +0 spear.
* * * LOW HITPOINT WARNING * * *
The gnoll hits you from afar with a +0 spear.
* * * LOW HITPOINT WARNING * * *
You hit the gnoll sergeant but do no damage.
The gnoll sergeant is almost dead.
The gnoll sergeant barely misses you. The gnoll barely misses you.
You hit the gnoll sergeant.
You kill the gnoll sergeant!
The gnoll hits you from afar with a +0 spear.
* * * LOW HITPOINT WARNING * * *
Your Short Blades skill increases to level 2!
Your Long Blades skill increases to level 2!
Your Maces & Flails skill increases to level 2!
Your Polearms skill increases to level 2!
Your Staves skill increases to level 2!
Your Ranged Weapons skill increases to level 2!
Your Throwing skill increases to level 2!
Your Armour skill increases to level 2!
Your Stealth skill increases to level 2!
Your Shields skill increases to level 2!
Your Unarmed Combat skill increases to level 2!
Your Spellcasting skill increases to level 2!
Your Evocations skill increases to level 2!
The gnoll hits you with a +0 spear.
You die...

#.# #.#.........#
g...... #.#
#.######.####
....... #.# #.#
#<# ....... #.#
#.# ### .......
###.# #.#
.......##...# #.#
...........# #.#
#.........######.#
#...<./....g@....#
#.........########
#.........#
##.######## #. #.
#


You could see a gnoll.

Vanquished Creatures
  A gnoll sergeant (D:5)
  Blork the orc (D:4)
  A sleepcap (D:5)
  An iguana (D:4)
  Natasha (D:3)
  4 adders
  4 orcs (D:3)
  5 ball pythons
  4 bats
  9 endoplasms
  2 giant cockroaches (D:2)
  10 goblins
  5 hobgoblins
  6 jackals
  5 quokkas
  2 frilled lizards
  2 kobolds
  5 rats
68 creatures vanquished.

Notes
Turn   | Place    | Note
-------+----------+-------------------------------------------
     0 | D:1      | Sabo the Gnoll Monk began the quest for the Orb.
     0 | D:1      | Reached XP level 1. HP: 23/23 MP: 1/1
   243 | D:1      | Reached XP level 2. HP: 27/29 MP: 2/2
   668 | D:2      | Found an ancient bone altar of Kikubaaqudgha.
   788 | D:2      | Reached XP level 3. HP: 35/35 MP: 3/3
   795 | D:2      | Reached skill level 1 in Invocations
   954 | D:2      | Found a faded altar of an unknown god.
  1178 | D:2      | Reached skill level 1 in Short Blades
  1178 | D:2      | Reached skill level 1 in Long Blades
  1178 | D:2      | Reached skill level 1 in Maces & Flails
  1178 | D:2      | Reached skill level 1 in Polearms
  1178 | D:2      | Reached skill level 1 in Staves
  1178 | D:2      | Reached skill level 1 in Ranged Weapons
  1178 | D:2      | Reached skill level 1 in Throwing
  1178 | D:2      | Reached skill level 1 in Armour
  1178 | D:2      | Reached skill level 1 in Stealth
  1178 | D:2      | Reached skill level 1 in Shields
  1178 | D:2      | Reached skill level 1 in Unarmed Combat
  1178 | D:2      | Reached skill level 1 in Spellcasting
  1178 | D:2      | Reached skill level 1 in Evocations
  1510 | D:3      | Reached skill level 1 in Shapeshifting
  1510 | D:3      | Reached XP level 4. HP: 41/41 MP: 5/5
  1512 | D:3      | Found Calerof's Jewellery Shop.
  1843 | D:3      | Reached skill level 1 in Conjurations
  1843 | D:3      | Reached skill level 1 in Hexes
  1843 | D:3      | Reached skill level 1 in Summonings
  1843 | D:3      | Reached skill level 1 in Necromancy
  1843 | D:3      | Reached skill level 1 in Translocations
  1843 | D:3      | Reached skill level 1 in Fire Magic
  1843 | D:3      | Reached skill level 1 in Ice Magic
  1843 | D:3      | Reached skill level 1 in Air Magic
  1843 | D:3      | Reached skill level 1 in Earth Magic
  1843 | D:3      | Reached skill level 1 in Alchemy
  2021 | D:3      | Noticed Natasha
  2033 | D:3      | Killed Natasha
  2408 | D:4      | Found a snail-covered altar of Cheibriados.
  2457 | D:4      | Noticed Blork the orc
  2471 | D:4      | Killed Blork the orc
  2472 | D:4      | Reached XP level 5. HP: 42/47 MP: 5/7
  2989 | D:4      | Reached XP level 6. HP: 48/53 MP: 8/8
  3075 | D:5      | Entered Level 5 of the Dungeon
  3288 | D:5      | HP: 2/53 [gnoll/+0 spear (3)]
  3291 | D:5      | Slain by a gnoll

Illustrated notes

Levels and vault maps discovered:
D:1:      dpeg_arrival_rooms_with_view, layout_rooms, feat_on_display
D:2:      layout_loops_ring, basic_altar, shapermc_ecumenical_altar_notcrosses,
          kennysheep_cluttered_room
D:3:      layout_loops_ring, serial_shops, nicolae_shop_advertising_works
          [nicolae_subvault_shop_adworks], minmay_surrounded, uniq_natasha
D:4:      layout_basic, mainiacjoe_overflow_chevrons, hangedman_decor_lopped,
          minmay_misc_feat_cross, uniq_blork_the_orc
D:5:      layout_basic, grunt_temple_overflow_opulence, nicolae_grassy_gnolls,
          uniq_crazy_yiuf_cottage, uniq_sigmund, uniq_pikel, uniq_menkaure

Skill      XL: |  1  2  3  4  5  6 |
---------------+-------------------+-----
Invocations    | 1 2 |  2.3
Short Blades   | 1 2 |  2.1
Long Blades    | 1 2 |  2.1
Maces & Flails | 1 2 |  2.1
Polearms       | 1 2 |  2.1
Staves         | 1 2 |  2.1
Ranged Weapons | 1 2 |  2.1
Throwing       | 1 2 |  2.1
Armour         | 1 2 |  2.1
Stealth        | 1 2 |  2.1
Shields        | 1 2 |  2.1
Unarmed Combat | 1 2 |  2.1
Spellcasting   | 1 2 |  2.1
Evocations     | 1 2 |  2.1
Shapeshifting  | 1 |  1.9
Conjurations   | 1 |  1.6
Hexes          | 1 |  1.6
Summonings     | 1 |  1.6
Necromancy     | 1 |  1.6
Translocations | 1 |  1.6
Fire Magic     | 1 |  1.6
Ice Magic      | 1 |  1.6
Air Magic      | 1 |  1.6
Earth Magic    | 1 |  1.6
Alchemy        | 1 |  1.6
Fighting       | |  6.9
Axes           | |  6.9
Dodging        | |  6.9

Action                     |  1- 3 |  4- 6 || total
---------------------------+-------+-------++-------
  Melee: Hand axe          |    97 |   126 ||   223
         Bite              |     7 |    16 ||    23
    Use: Scroll            |     3 |     1 ||     4
         Potion            |       |     1 ||     1
 Armour: Robe              |    14 |       ||    14
         Ring mail         |    36 |    35 ||    71
         Chain mail        |       |    86 ||    86
  Dodge: Dodged            |    65 |    73 ||   138
